 Dungeon Crawl Stone Soup version 0.28.0-43-g3370ac3207 (webtiles) character file.

Game seed: 12318376759503479257

56 terff the Skirmisher (level 3, 0/33 HPs)
             Began as a Hill Orc Fighter on Apr 1, 2022.
             Succumbed to Sigmund's poison
             ... on level 2 of the Dungeon.
             The game lasted 00:03:17 (1497 turns).

terff the Skirmisher (Hill Orc Fighter)             Turns: 1497, Time: 00:03:17

Health: 0/33       AC:  7    Str: 18    XL:     3   Next: 95%
Magic:  3/3        EV:  9    Int: 14    God:
Gold:   39         SH:  4    Dex: 12    Spells: 2/2 levels left

rFire   . . .      SeeInvis .   a - +1 war axe
rCold   . . .      Faith    .   c - +0 buckler
rNeg    . . .      Spirit   .   b - +0 scale mail
rPois   .          Reflect  .   (no helmet)
rElec   .          Harm     .   (no cloak)
rCorr   .          Rampage  .   (no gloves)
Will    +....                   (no boots)
Stlth   ..........              (no amulet)
HPRegen 0.11/turn               e - +6 ring of intelligence
MPRegen 0.08/turn               g - ring of willpower

@: mighty, lethally poisoned (0 -> -11)
A: no striking features
a: no special abilities


You were on level 2 of the Dungeon.
You visited 1 branch of the dungeon, and saw 2 of its levels.

You collected 39 gold pieces.

Inventory:

Hand Weapons
 a - a +1 war axe (weapon)
Armour
 b - a +0 scale mail (worn)
 c - a +0 buckler (worn)
Jewellery
 e - a +6 ring of intelligence (left hand)
 g - a ring of willpower (right hand)
Scrolls
 h - a scroll of summoning
 i - a scroll of amnesia {unknown}
Potions
 d - a potion of might
 f - 2 potions of curing
 j - a potion of cancellation {unknown}
 m - a potion of mutation {unknown}


   Skills:
 + Level 4.2 Fighting
 + Level 3.7 Axes
 + Level 3.8 Armour
 + Level 0.3 Dodging
 + Level 3.6 Shields


You had 2 spell levels left.
You didn't know any spells.
Your spell library contained the following spells:

 Spells                   Type           Power      Damage    Failure   Level
 Gell's Gravitas          Tloc           0%         N/A       98%         3
 Lesser Beckoning         Tloc           0%         N/A       98%         3
 Teleport Other           Tloc           0%         N/A       98%         3


Dungeon Overview and Level Annotations

Branches:
Dungeon (2/15)

Altars:


Message History

Sigmund the Dreaded comes into view.
He is wielding a +0 scythe of venom.
Sigmund shouts!
Sigmund is nearby!
You feel very mighty all of a sudden. Sigmund closely misses you.
A frilled lizard comes into view.
The frilled lizard hisses angrily.
Sigmund drinks a potion.
Sigmund's spells are empowered!
You hit Sigmund.
Sigmund is lightly wounded.
Sigmund hits you with a +0 scythe of venom.
You slash Sigmund!
Sigmund is severely wounded.
Sigmund barely misses you.
You barely miss Sigmund.
Sigmund is severely wounded.
Sigmund laughs darkly.
Sigmund casts a spell at you. The puff of flame misses you.
You closely miss Sigmund.
Sigmund is severely wounded.
You hit the frilled lizard.
You kill the frilled lizard!
Sigmund points at you and mumbles some strange words.
The puff of flame hits you!
You slash Sigmund!
Sigmund is almost dead.
Sigmund points at you and mumbles some strange words.
The magic dart hits you!
* * * LOW HITPOINT WARNING * * *
Sigmund mumbles some strange words.
Sigmund flickers and vanishes!
Deactivating autopickup; reactivate with Ctrl-A.
You barely miss something. Something hits you.
* * * LOW HITPOINT WARNING * * *
You are lethally poisoned!
You slice something!!
Reactivating autopickup.
You feel a bit more experienced.
You die...

..########....#
.........#....######
...).....+.........
.........#....#...#
##.......#....#...#
#....)..# ...#...#
##.......####.#...#
####..###†..†....†###.##
.####.# #.......@)......
#.###.# #...............
.#.##.. #...............
....##. #......###...###
#.#.##..#####.## ...#
.....# ... ...# #....#
....# ..# .....# .....
..# .....#


There were no monsters in sight!

Vanquished Creatures
  Sigmund (D:2)
  2 adders (D:2)
  A dart slug (D:2)
  2 endoplasms
  3 goblins
  5 hobgoblins
  A jackal (D:1)
  2 quokkas (D:1)
  3 ball pythons
  5 bats
  3 frilled lizards
  5 kobolds
  5 rats
38 creatures vanquished.

Notes
Turn   | Place    | Note
-------+----------+-------------------------------------------
     0 | D:1      | terff the Hill Orc Fighter began the quest for the Orb.
     0 | D:1      | Reached XP level 1. HP: 19/19 MP: 1/1
   184 | D:1      | Reached XP level 2. HP: 27/27 MP: 2/2
  1086 | D:1      | Found a faded altar of an unknown god.
  1253 | D:2      | Reached XP level 3. HP: 33/33 MP: 3/3
  1275 | D:2      | Reached skill level 4 in Fighting
  1485 | D:2      | Noticed Sigmund
  1497 | D:2      | Killed Sigmund
  1497 | D:2      | Succumbed to Sigmund's poison

Illustrated notes

Levels and vault maps discovered:
D:1:      dpeg_arrival_signposts, layout_basic,
          dilly_ecumenical_altar_fadedgnrine, minmay_misc_feat_chi,
          grunt_decor_mini_mirrors, st_stairs_1, minmay_misc_feat_nine_boxes,
          hex_intersection, minmay_misc_feat_tower,
          corexii_item_surrounded_by_moat
D:2:      layout_basic, serial_shops, nicolae_lakefront_shop,
          hangedman_decor_opposing, uniq_sigmund

Skill      XL: |  1  2  3 |
---------------+----------+-----
Axes           | 3 |  3.7
Fighting       | 4 |  4.2
Armour         | |  3.8
Dodging        | |  0.3
Shields        | |  3.6

Action                   || total
-------------------------++-------
Melee: War axe           ||   109
  Use: Scroll            ||     5
       Potion            ||     1
Armor: Scale mail        ||    65
Dodge: Dodged            ||    59
Block: Buckler           ||    28
